 Zot Defence DCSS version 0.15.2 (webtiles) character file.

709 vishdafish the Ruffian (level 7, 0/1 (71) HPs)
             Began as a Troll Berserker on July 1, 2017.
             Was a Believer of Trog.
             Rotted away (Sino the wight)
             ... in the Realm of Zot (Scenario I: Hall of Zot).
             The game lasted 00:06:43 (1057 turns).

vishdafish the Ruffian (Troll Berserker)            Turns: 1057, Time: 00:06:44

HP   0/1 (71)    AC  5     Str 26      XL: 7   Next: 40%
MP   3/3         EV 11     Int  4      God: Trog [**....]
Gold 0           SH  0     Dex 10      Spells:  0 memorised,  6 levels left

rFire  . . .     SeeInvis .       - Unarmed
rCold  . . .     Clarity  .     b - +0 animal skin
rNeg   . . .     rCorr    .     (shield restricted)
rPois  .         rRot     .     (helmet restricted)
rElec  .         Spirit   .     (no cloak)
SustAb .         Warding  .     (gloves unavailable)
rMut   .         Stasis   .     (boots unavailable)
Gourm  +                        (no amulet)
MR     .....                    (no ring)
                                (no ring)

@: not resistant to hostile enchantments, very unstealthy
A: unfitting armour, claws 3, fast metabolism 3, gourmand, regeneration 2,
saprovore 2, shaggy fur 1, tough skin 2
a: Make oklob sapling, Make arrow trap, Make plant, Remove Curse, Make burning
bush, Make altar, Make grenades, Make oklob plant, Burn Spellbooks, Berserk,
Trog's Hand, Renounce Religion


You were in the Realm of Zot.
You worshipped Trog.
Trog was pleased with you.
You were not hungry.

You visited 1 branch

Inventory:

Armour
 b - a +0 animal skin (worn)
Comestibles
 c - 2 meat rations
Scrolls
 h - a scroll of blinking
Potions
 d - a potion of heal wounds
 e - a potion of haste
 f - 2 potions of magic
 g - a potion of berserk rage


   Skills:
 + Level 4.4 Fighting
 * Level 1.5 Throwing
 - Level 4.4 Dodging
 + Level 5.7 Unarmed Combat


You had 6 spell levels left.
You didn't know any spells.

Dungeon Overview and Level Annotations

Branches:
    Zot (1/1)

Altars:


Innate Abilities, Weirdness & Mutations

You are too large for most types of armour.
You have claws for hands.
Your metabolism is lightning-fast.
You like to eat raw meat.
You heal very quickly.
You can eat rotten meat.
You are covered in fur (AC +1).
You have very tough skin (AC +2).


Message History

Your flesh rots away as the Orb of Zot is desecrated.
Sino is severely damaged.
Your flesh rots away as the Orb of Zot is desecrated. x3
Your flesh rots away as the Orb of Zot is desecrated.
You scratch Sino.
Your flesh rots away as the Orb of Zot is desecrated. x3
Your punch misses Sino.
Sino is severely damaged.
Your flesh rots away as the Orb of Zot is desecrated. x3
You closely miss Sino.
Your flesh rots away as the Orb of Zot is desecrated.
Sino is severely damaged.
Your flesh rots away as the Orb of Zot is desecrated.
Unknown command.
You closely miss Sino.
Your flesh rots away as the Orb of Zot is desecrated.
Sino is severely damaged.
Your flesh rots away as the Orb of Zot is desecrated. x2
Ouch! That really hurt!
You die...

.........### ###.......
########## ######## .....####
####... ........### ###...)..
......h...## ##........
...........# ▓▓▓▓▓▓▓▓▓ #...%.....
........%).▓▓▓.......▓▓▓..%......
...........▓▓......%..▓▓)).......
..........%▓...%@PP...P▓)........
..........%^))%)PzP%...^.........
...........▓....PPP...P▓.........
...........▓▓.........▓▓.........
...........▓▓▓.......▓▓▓.........
...........▓ ▓▓▓▓▓▓▓▓▓ ▓.........
..........▓▓ ▓▓........
........▓▓▓ ▓▓▓...... .....▓▓▓▓
▓▓▓▓...


You could see Sino the wight and 2 friendly oklob saplings.

Vanquished Creatures
  A hell hound (Zot)
  A giant frog (Zot)
  A gnoll (Zot)
  A scorpion zombie (Zot)
  3 adders (Zot)
  2 giant mites (Zot)
  A worm (Zot)
  An ooze (Zot)
  An orc (Zot)
  6 ball pythons (Zot)
  2 bats (Zot)
  2 giant cockroaches (Zot)
  3 hobgoblins (Zot)
  5 goblins (Zot)
  5 kobolds (Zot)
  2 rats (Zot)
37 creatures vanquished.

Vanquished Creatures (collateral kills)
  A giant frog (Zot)
  2 giant mites (Zot)
  A ball python (Zot)
  4 bats (Zot)
  A giant cockroach (Zot)
  2 hobgoblins (Zot)
  9 jackals (Zot)
  3 kobolds (Zot)
  2 goblins (Zot)
  7 rats (Zot)
32 creatures vanquished.

Vanquished Creatures (others)
  2 oklob saplings (Zot)
  A goblin (Zot)
  2 hobgoblins (Zot)
  A jackal (Zot)
  2 ball pythons (Zot)
  A giant newt (Zot)
  A rat (Zot)
  A plant (Zot)
11 creatures vanquished.

Grand Total: 80 creatures vanquished

Notes
Turn   | Place    | Note
--------------------------------------------------------------
     0 | Zot      | vishdafish, the Troll Berserker, began the quest for the Orb.
     0 | Zot      | Reached XP level 1. HP: 22/22 MP: 1/1
   216 | Zot      | Reached XP level 2. HP: 19/19 MP: 1/1
   229 | Zot      | Noticed Styorph
   235 | Zot      | Killed Styorph the giant frog
   235 | Zot      | Reached skill level 4 in Unarmed Combat
   235 | Zot      | Reached XP level 3. HP: 24/27 MP: 2/2
   235 | Zot      | Reached XP level 4. HP: 31/35 MP: 2/2
   235 | Zot      | Reached XP level 5. HP: 38/43 MP: 2/2
   335 | Zot      | Reached XP level 6. HP: 50/52 MP: 3/3
   853 | Zot      | Noticed Pnusec
   865 | Zot      | Killed Pnusec the hell hound
   865 | Zot      | Reached skill level 1 in Throwing
   865 | Zot      | Reached skill level 5 in Unarmed Combat
   865 | Zot      | Reached XP level 7. HP: 31/31 MP: 3/3
  1030 | Zot      | Acquired Trog's second power
  1057 | Zot      | Rotted away (Sino the wight)

Action                   |  1- 3 |  4- 6 |  7- 9 || total
-------------------------+-------+-------+-------++-------
Melee: Unarmed           |    12 |    40 |    38 ||    90
 Abil: Make plant        |       |     8 |       ||     8
       Make oklob saplin |       |     4 |       ||     4
       Make arrow trap   |       |     3 |       ||     3
  Use: Potion            |       |       |     3 ||     3
